DSL
DSL KANSAS CITY ROYALS @ DSL JACKSONVILLE BOMBERS
04/20/2042
 
TOP OF THE 1ST
DSL Kansas City Royals batting - Pitching for DSL Jacksonville Bombers : LHP Juan Cruz
Pitching: LHP Juan Cruz
Batting: LHB António Martínez 0-0: Ball
1-0: Called Strike
1-1: Foul Ball, location: 2RF
1-2: Strikes out swinging
Batting: LHB Willie Bacon 0-0: Ball
1-0: Called Strike
1-1: Called Strike
1-2: Strikes out swinging
Batting: RHB Chris Shafer 0-0: Foul Ball, location: 2F
0-1: Foul Ball, location: 2F
0-2: DOUBLE (Line Drive, 9LS, EV 91.9 MPH)
Batting: RHB David Reyes 0-0: TRIPLE (Line Drive, 8RXD, EV 99.4 MPH)
Chris Shafer scores
Batting: RHB António Romano 0-0: Ball
1-0: Ground out U3 (Groundball, 3, EV 77.5 MPH)
Top of the 1st over - 1 run, 2 hits, 0 errors, 1 left on base; DSL Kansas City 1 - DSL Jacksonville 0
BOTTOM OF THE 1ST
DSL Jacksonville Bombers batting - Pitching for DSL Kansas City Royals : LHP Josh Williams
Pitching: LHP Josh Williams
Batting: LHB Freddy Abreu 0-0: Ball
1-0: Called Strike
1-1: Bunt for hit to 13S - play at first, batter OUT! 1-3
Batting: SHB Tomás Rosário 0-0: Ground out 6-3 (Groundball, 56, EV 92.5 MPH)
Batting: RHB José Valentín 0-0: Ball
1-0: Ball
2-0: Ball
3-0: Base on Balls
Batting: RHB José Castillo 0-0: Fly out, F8 (Flyball, 78XD, EV 90.0 MPH)
Bottom of the 1st over - 0 runs, 0 hits, 0 errors, 1 left on base; DSL Kansas City 1 - DSL Jacksonville 0
TOP OF THE 2ND
DSL Kansas City Royals batting - Pitching for DSL Jacksonville Bombers : LHP Juan Cruz
Batting: RHB Bob Sackett 0-0: Called Strike
0-1: Foul Ball, location: 9LMF
0-2: Strikes out swinging
Batting: LHB Jeremy Greene 0-0: Hit by Pitch
Batting: RHB José Guerrero 0-0: Ball
1-0: Ball
2-0: Called Strike
2-1: Swinging Strike
2-2: Strikes out swinging
Batting: RHB Rod Dixon 0-0: Swinging Strike
0-1: Fly out, F8 (Flyball, 8LD, EV 101.9 MPH)
Top of the 2nd over - 0 runs, 0 hits, 0 errors, 1 left on base; DSL Kansas City 1 - DSL Jacksonville 0
BOTTOM OF THE 2ND
DSL Jacksonville Bombers batting - Pitching for DSL Kansas City Royals : LHP Josh Williams
Batting: RHB Norberto Morales 0-0: Ball
1-0: Swinging Strike
1-1: Foul Ball, location: 5F
1-2: Foul Ball, location: 2F
1-2: Strikes out swinging
Batting: SHB José Murillo 0-0: Ball
1-0: Ball
2-0: Ball
3-0: Called Strike
3-1: Base on Balls
Batting: RHB Jesús Valenzuela 0-0: Called Strike
0-1: Foul Ball, location: 9LSF
0-2: Ball
José Murillo is caught stealing 2nd base 2-4
1-2: Strikes out looking
Bottom of the 2nd over - 0 runs, 0 hits, 0 errors, 0 left on base; DSL Kansas City 1 - DSL Jacksonville 0
TOP OF THE 3RD
DSL Kansas City Royals batting - Pitching for DSL Jacksonville Bombers : LHP Juan Cruz
Batting: LHB António Martínez 0-0: Foul Ball, location: 2F
0-1: Fly out, F5 (Popup, 56S, EV 76.9 MPH)
Batting: LHB Willie Bacon 0-0: Ball
1-0: Swinging Strike
1-1: Ball
2-1: Ball
3-1: Called Strike
3-2: Base on Balls
Batting: RHB Chris Shafer 0-0: Called Strike
0-1: Foul Ball, location: 9LMF
0-2: Ball
1-2: Ball
2-2: Grounds into double play, 5-4-3 (Groundball, 56, EV 83.1 MPH)
Top of the 3rd over - 0 runs, 0 hits, 0 errors, 0 left on base; DSL Kansas City 1 - DSL Jacksonville 0
BOTTOM OF THE 3RD
DSL Jacksonville Bombers batting - Pitching for DSL Kansas City Royals : LHP Josh Williams
Batting: RHB Bernardo Muñóz 0-0: Foul Ball, location: 2F
0-1: Ball
1-1: Called Strike
1-2: Ball
2-2: Fly out, F8 (Line Drive, 8RM, EV 83.1 MPH)
Batting: RHB Jim Unknown 0-0: Ball
1-0: Foul Ball, location: 2RF
1-1: Fly out, F6 (Popup, 6, EV 64.4 MPH)
Batting: LHB Freddy Abreu 0-0: Ball
1-0: Called Strike
1-1: Ball
2-1: Ball
3-1: Base on Balls
Batting: SHB Tomás Rosário 0-0: Called Strike
0-1: Foul Ball, location: 9LDF
0-2: SINGLE (Line Drive, 8RS, EV 96.3 MPH)
Freddy Abreu to second
Runner from 2nd tries for 3rd, OUT! 8-5
Bottom of the 3rd over - 0 runs, 1 hit, 0 errors, 1 left on base; DSL Kansas City 1 - DSL Jacksonville 0
TOP OF THE 4TH
DSL Kansas City Royals batting - Pitching for DSL Jacksonville Bombers : LHP Juan Cruz
Batting: RHB David Reyes 0-0: Ball
1-0: DOUBLE (Groundball, 5L, EV 105.0 MPH)
Batting: RHB António Romano 0-0: Called Strike
0-1: Ground out 5-3 (Groundball, 56S, EV 67.5 MPH)
David Reyes to third
Batting: RHB Bob Sackett 0-0: Called Strike
0-1: Called Strike
0-2: Foul Ball, location: 7LMF
0-2: Ball
1-2: Strikes out swinging
Batting: LHB Jeremy Greene 0-0: Swinging Strike
0-1: Swinging Strike
0-2: Ball
1-2: Fly out, F6 (Popup, 6D, EV 68.1 MPH)
Top of the 4th over - 0 runs, 1 hit, 0 errors, 1 left on base; DSL Kansas City 1 - DSL Jacksonville 0
BOTTOM OF THE 4TH
DSL Jacksonville Bombers batting - Pitching for DSL Kansas City Royals : LHP Josh Williams
Batting: RHB José Valentín 0-0: Ball
1-0: Foul Ball, location: 25FF
1-1: Swinging Strike
1-2: Ball
2-2: Strikes out swinging
Batting: RHB José Castillo 0-0: Ball
1-0: Called Strike
1-1: Foul Ball, location: 7LSF
1-2: Ball
2-2: Foul Ball, location: 3DF
2-2: Ball
3-2: Foul Ball, location: 9LSF
3-2: Foul Ball, location: 9LDF
3-2: Base on Balls
Batting: RHB Norberto Morales 0-0: Called Strike
0-1: Ball
1-1: Called Strike
1-2: Strikes out looking
Batting: SHB José Murillo 0-0: Foul Ball, location: 3DF
0-1: Foul Ball, location: 2F
0-2: Ball
1-2: Ball
2-2: Foul Ball, location: 2F
2-2: Foul Ball, location: 2F
2-2: Fielders Choice at 2nd, 6-4 (Groundball, 56, EV 81.3 MPH)
Bottom of the 4th over - 0 runs, 0 hits, 0 errors, 1 left on base; DSL Kansas City 1 - DSL Jacksonville 0
TOP OF THE 5TH
DSL Kansas City Royals batting - Pitching for DSL Jacksonville Bombers : LHP Juan Cruz
Batting: RHB José Guerrero 0-0: Foul Ball, location: 2F
0-1: Ball
1-1: Ground out 2-3 (Groundball, 13S, EV 64.4 MPH)
Batting: RHB Rod Dixon 0-0: Ball
1-0: Called Strike
1-1: SINGLE (Flyball, 5D, EV 87.5 MPH)
Batting: LHB António Martínez 0-0: SINGLE (Groundball, 13S, EV 74.4 MPH) (infield hit)
Rod Dixon to second
Batting: LHB Willie Bacon 0-0: Ball
1-0: Called Strike
1-1: Foul Ball, location: 2F
1-2: Strikes out swinging
Batting: RHB Chris Shafer 0-0: Ball
1-0: Ball
2-0: Swinging Strike
2-1: Ground out 3-1 (Groundball, 34S, EV 89.4 MPH)
Top of the 5th over - 0 runs, 2 hits, 0 errors, 2 left on base; DSL Kansas City 1 - DSL Jacksonville 0
BOTTOM OF THE 5TH
DSL Jacksonville Bombers batting - Pitching for DSL Kansas City Royals : LHP Josh Williams
Batting: RHB Jesús Valenzuela 0-0: Called Strike
0-1: Ball
1-1: Called Strike
1-2: Fly out, F9 (Flyball, 9, EV 89.4 MPH)
Batting: RHB Bernardo Muñóz 0-0: Ball
1-0: Reached via error on a dropped throw from 1B, E1 (Groundball, 34S, EV 89.4 MPH)
Batting: RHB Jim Unknown 0-0: Called Strike
0-1: Called Strike
0-2: Strikes out swinging
Batting: LHB Freddy Abreu 0-0: Called Strike
0-1: Ball
1-1: Ball
2-1: Called Strike
2-2: Foul Ball, location: 5SF
2-2: Strikes out swinging
Bottom of the 5th over - 0 runs, 0 hits, 1 error, 1 left on base; DSL Kansas City 1 - DSL Jacksonville 0
TOP OF THE 6TH
DSL Kansas City Royals batting - Pitching for DSL Jacksonville Bombers : LHP Juan Cruz
Batting: RHB David Reyes 0-0: Fly out, F3 (Popup, 3SF, EV 74.4 MPH)
Batting: RHB António Romano 0-0: Foul Ball, location: 3FF
0-1: Fly out, F8 (Flyball, 8RM, EV 90.6 MPH)
Batting: RHB Bob Sackett 0-0: Ball
1-0: Ball
2-0: Ball
3-0: Base on Balls
Batting: LHB Jeremy Greene 0-0: Called Strike
0-1: Called Strike
0-2: Ball
1-2: Ball
2-2: Ground out 4-3 (Groundball, 4, EV 89.4 MPH)
Top of the 6th over - 0 runs, 0 hits, 0 errors, 1 left on base; DSL Kansas City 1 - DSL Jacksonville 0
BOTTOM OF THE 6TH
DSL Jacksonville Bombers batting - Pitching for DSL Kansas City Royals : LHP Josh Williams
Batting: SHB Tomás Rosário 0-0: Called Strike
0-1: DOUBLE (Line Drive, 89M, EV 110.6 MPH)
Batting: RHB José Valentín 0-0: Ball
1-0: Called Strike
1-1: Ball
2-1: Swinging Strike
2-2: Ball
3-2: Strikes out swinging
Batting: RHB José Castillo 0-0: Foul Ball, location: 2F
0-1: Called Strike
0-2: Ball
1-2: Foul Ball, location: 3F
1-2: Strikes out swinging
Batting: RHB Norberto Morales 0-0: Ball
1-0: Foul Ball, location: 5F
1-1: Foul Ball, location: 25F
1-2: SINGLE (Groundball, 4M, EV 104.4 MPH) (infield hit)
Tomás Rosário to third
Batting: SHB José Murillo 0-0: Foul Ball, location: 9LMF
0-1: Ball
1-1: Fly out, F8 (Flyball, 8LM, EV 97.5 MPH)
Bottom of the 6th over - 0 runs, 2 hits, 0 errors, 2 left on base; DSL Kansas City 1 - DSL Jacksonville 0
TOP OF THE 7TH
DSL Kansas City Royals batting - Pitching for DSL Jacksonville Bombers : LHP Juan Cruz
Batting: RHB José Guerrero 0-0: Foul Ball, location: 9LDF
0-1: Ball
1-1: Swinging Strike
1-2: Ball
2-2: Ball
3-2: Base on Balls
Pitching: RHP Robinson Moreno
Batting: RHB Rod Dixon 0-0: Ball
1-0: Bunted foul
1-1: Sac Bunt to 3S - play at first, batter OUT! 3-4
José Guerrero to second
Batting: LHB António Martínez 0-0: Ball
1-0: Foul Ball, location: 2F
1-1: Ball
2-1: Foul Ball, location: 5F
2-2: Strikes out swinging
Batting: LHB Willie Bacon 0-0: Ball
1-0: SINGLE (Line Drive, 8RS, EV 88.1 MPH)
José Guerrero to third
Runner from 3rd tries for Home, SAFE, throw by CF to home
Willie Bacon to second
Batting: RHB Chris Shafer 0-0: Called Strike
0-1: Swinging Strike
0-2: Ball
1-2: Strikes out swinging
Top of the 7th over - 1 run, 1 hit, 0 errors, 1 left on base; DSL Kansas City 2 - DSL Jacksonville 0
BOTTOM OF THE 7TH
DSL Jacksonville Bombers batting - Pitching for DSL Kansas City Royals : LHP Josh Williams
Pitching: RHP Bob Mathews
Batting: RHB Jesús Valenzuela 0-0: Swinging Strike
0-1: Ground out 5-3 (Groundball, 56S, EV 85.0 MPH)
Batting: LHB Jim Unknown 0-0: Ball
1-0: Ground out 6-3 (Groundball, 6S, EV 83.8 MPH)
Batting: RHB Jim Unknown 0-0: Ball
1-0: Foul Ball, location: 2F
1-1: Ball
2-1: Foul Ball, location: 25FF
2-2: Fly out, F8 (Flyball, 78S, EV 98.8 MPH)
Bottom of the 7th over - 0 runs, 0 hits, 0 errors, 0 left on base; DSL Kansas City 2 - DSL Jacksonville 0
TOP OF THE 8TH
DSL Kansas City Royals batting - Pitching for DSL Jacksonville Bombers : RHP Robinson Moreno
DELAY Rain delay of 33 minutes in the 8th inning.
Batting: RHB David Reyes 0-0: Called Strike
0-1: Fly out, F8 (Flyball, 78D, EV 90.6 MPH)
Batting: RHB António Romano 0-0: Ball
1-0: Ball
2-0: Ball
3-0: Base on Balls
Batting: RHB Bob Sackett
Pinch Hitting: LHB José Flores 0-0: Ball
1-0: Grounds into double play, 5-4-3 (Groundball, 15, EV 80.0 MPH)
Top of the 8th over - 0 runs, 0 hits, 0 errors, 0 left on base; DSL Kansas City 2 - DSL Jacksonville 0
BOTTOM OF THE 8TH
DSL Jacksonville Bombers batting - Pitching for DSL Kansas City Royals : RHP Bob Mathews
Now in LF: Edgardo Pérez
Batting: LHB Freddy Abreu 0-0: Ball
1-0: Called Strike
1-1: Ball
2-1: SINGLE (Line Drive, 3D, EV 72.5 MPH)
Batting: SHB Tomás Rosário 0-0: Ball
1-0: Swinging Strike
1-1: Swinging Strike
1-2: Ball
2-2: Strikes out swinging
Pinch Hitting: LHB Mario Medina 0-0: Ball
1-0: Called Strike
1-1: Swinging Strike
1-2: Grounds into double play, 3-6-1 (Groundball, 34, EV 78.1 MPH)
Bottom of the 8th over - 0 runs, 1 hit, 0 errors, 0 left on base; DSL Kansas City 2 - DSL Jacksonville 0
TOP OF THE 9TH
DSL Kansas City Royals batting - Pitching for DSL Jacksonville Bombers : RHP Robinson Moreno
Now at 2B: José González
Batting: LHB Jeremy Greene 0-0: Ball
1-0: SOLO HOME RUN (Flyball, 9D, EV 95.0 MPH), Distance : 366 ft
Pinch Hitting: SHB Jesús Salcido 0-0: Ball
1-0: Ball
2-0: Ball
3-0: Called Strike
3-1: Foul Ball, location: 2F
3-2: SINGLE (Line Drive, 8LS, EV 105.0 MPH)
Pinch Hitting: SHB Ken Hickman 0-0: Called Strike
0-1: Ball
1-1: Swinging Strike
1-2: Ball
2-2: Foul Ball, location: 2F
2-2: Strikes out looking
Batting: LHB António Martínez 0-0: Foul Ball, location: 2F
0-1: Ball
1-1: Ball
2-1: Fly out, F8 (Flyball, 8RM, EV 80.0 MPH)
Batting: LHB Willie Bacon 0-0: Foul Ball, location: 3DF
0-1: Ball
1-1: Foul Ball, location: 5SF
1-2: Fielders Choice at 2nd, U4 (Groundball, 4M, EV 83.1 MPH)
Top of the 9th over - 1 run, 2 hits, 0 errors, 1 left on base; DSL Kansas City 3 - DSL Jacksonville 0
BOTTOM OF THE 9TH
DSL Jacksonville Bombers batting - Pitching for DSL Kansas City Royals : RHP Bob Mathews
Pitching: RHP Ben Lane
Now at 1B: Raúl Garza
Now at 2B: Joe Graham
Now at SS: José Varela
Pinch Hitting: RHB Jim Unknown 0-0: Ball
1-0: Ball
2-0: Ball
3-0: Base on Balls
Batting: RHB Norberto Morales 0-0: Swinging Strike
0-1: Ball
1-1: Foul Ball, location: 2F
1-2: Ball
2-2: Ball
3-2: Strikes out swinging
Pinch Hitting: LHB Jim Unknown 0-0: Ball
1-0: Called Strike
1-1: Ball
2-1: Foul Ball, location: 2F
2-2: Strikes out swinging
Batting: RHB Jesús Valenzuela 0-0: SINGLE (Line Drive, 6D, EV 98.1 MPH)
Jim Unknown to second
Batting: LHB Jim Unknown 0-0: Ball
1-0: Swinging Strike
1-1: Ball
Wild Pitch!
Jim Unknown to third
Jesús Valenzuela to second
2-1: Ball
3-1: DOUBLE (Line Drive, 89D, EV 104.4 MPH)
Jim Unknown scores
Jesús Valenzuela scores
Batting: RHB Jim Unknown 0-0: Ball
1-0: Foul Ball, location: 2F
1-1: Ball
2-1: Fly out, F8 (Flyball, 78M, EV 85.0 MPH)
Bottom of the 9th over - 2 runs, 2 hits, 0 errors, 1 left on base; DSL Kansas City 3 - DSL Jacksonville 2
Friday, May 3rd , 2024 - OOTP Baseball 24.10 Build 82